 Dungeon Crawl Stone Soup version 0.23-a0-565-g3e74e4c (webtiles) character file.

232963 kr3s1m1r the Eclecticist (level 18, 0/105 HPs)
             Began as a Deep Elf Fire Elementalist on Dec 9, 2018.
             Was the Champion of Vehumet.
             Hit by a javelin thrown by a merfolk javelineer (24 damage)
             ... on level 4 of the Shoals on Dec 13, 2018.
             The game lasted 03:03:26 (52668 turns).

kr3s1m1r the Eclecticist (DEFE)                    Turns: 52668, Time: 03:03:27

Health: 0/105      AC: 16    Str: 13    XL:     18   Next: 83%
Magic:  33/59      EV: 19    Int: 34    God:    Vehumet [******]
Gold:   2328       SH:  9    Dex: 18    Spells: 3/57 levels left

rFire    + + +     SeeInvis .   S - staff of power
rCold    + . .     Gourm    .   m - +3 buckler
rNeg     . . .     Faith    .   W - +5 ring mail of Darkness {Dex+3}
rPois    .         Spirit   .   n - +0 hat {MR+}
rElec    .         Reflect  .   f - scarf {rC+ rF+}
rCorr    .         Harm     .   I - +2 pair of gloves {Str+3}
MR       ++...                  V - +1 pair of boots
Stlth    ++........             (no amulet)
HPRegen  0.27/turn              F - ring "Ciukku" {*Drain rF++ Str+5 Int+5}
MPRegen  0.36/turn              C - ring of wizardry

@: drained
A: repulsion field 1, fire resistance 1, wild magic 1, MP-powered wands
}: 1/15 runes: serpentine
a: Renounce Religion


You were on level 4 of the Shoals.
You worshipped Vehumet.
Vehumet was exalted by your worship.
You were not hungry.

You visited 6 branches of the dungeon, and saw 32 of its levels.
You also visited: Ossuary and Ice Cave.

You collected 3627 gold pieces.
You spent 1299 gold pieces at shops.

Inventory:

Hand Weapons
 X - the +0 broad axe "Ogreslayer" {holy, rF- rN+++ Int+6 Stlth-}
   (You found it on level 6 of the Lair of Beasts)

   It has been blessed by the Shining One to cause great damage to the undead
   and demons.
   It affects your intelligence (+6).
   It makes you vulnerable to fire.
   It renders you almost immune to negative energy.
   It makes you less stealthy.
Missiles
 w - 6 throwing nets (quivered)
Armour
 a - a +0 robe of magic resistance
 f - a scarf of resistance (worn)
 m - a +3 buckler (worn)
 n - a +0 hat of magic resistance (worn)
 u - a +2 leather armour of poison resistance
 x - a +2 pair of gloves of archery
 I - a +2 pair of gloves of strength (worn)
 M - a +1 buckler of protection
 V - a +1 pair of boots (worn)
 W - the +5 ring mail of Darkness (worn) {Dex+3}
   (You found it on level 6 of the Lair of Beasts)

   It affects your dexterity (+3).
Magical Staves
 S - an uncursed staff of power (weapon)
Jewellery
 t - an uncursed ring of resist corrosion
 z - an uncursed ring of magical power
 C - a ring of wizardry (right hand)
 F - the ring "Ciukku" (left hand) {*Drain rF++ Str+5 Int+5}
   (You found it on level 6 of the Lair of Beasts)

   [ring of strength]

   It affects your strength (+5).
   It affects your intelligence (+5).
   It greatly protects you from fire.
   It causes draining when unequipped.
Wands
 b - a wand of scattershot (6)
 g - a wand of paralysis (5)
 k - a wand of acid (28)
 N - a wand of disintegration (68)
 T - a wand of digging (5)
Scrolls
 d - 4 scrolls of enchant armour
 j - 11 scrolls of teleportation
 v - 12 scrolls of remove curse
 y - a scroll of silence
 E - 3 scrolls of magic mapping
 G - a scroll of fog
 L - a scroll of vulnerability
 P - 2 scrolls of enchant weapon
 U - 12 scrolls of identify
Potions
 e - 9 potions of curing
 h - 4 potions of lignification
 i - 8 potions of haste
 l - 2 potions of ambrosia
 p - 5 potions of invisibility
 q - 2 potions of berserk rage
 r - 7 potions of agility
 s - 6 potions of brilliance
 B - 3 potions of might
 D - 7 potions of magic
 R - 3 potions of heal wounds
 Z - a potion of flight
Miscellaneous
 A - a phial of floods
 J - a sack of spiders
 O - a lamp of fire
 Y - a phial of floods
Comestibles
 c - 33 rations
 o - 8 chunks of flesh


   Skills:
 + Level 9.2(8.8) Fighting
 - Level 4.0(3.7) Armour
 - Level 10.0(9.6) Dodging
 - Level 2.4(2.1) Stealth
 - Level 6.2(5.9) Shields
 - Level 20.0(19.6) Spellcasting
 + Level 18.0(17.6) Conjurations
 - Level 1.1(0.8) Summonings
 - Level 17.5(17.1) Fire Magic
 + Level 14.2(13.8) Ice Magic
 - Level 1.1(0.9) Air Magic
 + Level 6.5(6.2) Earth Magic
 - Level 3.0(2.7) Poison Magic


You had 3 spell levels left.
You knew the following spells:

 Your Spells              Type           Power        Failure   Level  Hunger
a - Throw Flame           Conj/Fire      ######       1%          2    None
e - Sting                 Conj/Pois      ####         1%          1    None
g - Glaciate              Conj/Ice       ########..   34%         9    ######.
h - Lehudib's Crystal Sp  Conj/Erth      #######...   13%         8    ####...
i - Poison Arrow          Conj/Pois      #######...   1%          6    None
j - Airstrike             Air            ######....   2%          4    None
o - Bolt of Magma         Conj/Fire/Erth ########..   1%          5    None
q - Summon Butterflies    Summ           ######..     1%          1    None
r - Freezing Cloud        Conj/Ice/Air   #######...   1%          6    None
t - Fireball              Conj/Fire      ########..   1%          5    None
u - Bolt of Cold          Conj/Ice       ########..   1%          6    None
z - Flame Tongue          Conj/Fire      #####        1%          1    None

Your spell library contained the following spells:

 Spells                   Type           Power        Failure   Level  Hunger
 Chain Lightning          Conj/Air       #######...   32%         8    ####...
 Apportation              Tloc           #####.       1%          1    None
 Confusing Touch          Hex            #####.       1%          1    None
 Magic Dart               Conj           ####         1%          1    None
 Summon Small Mammal      Summ           ####         1%          1    None
 Call Imp                 Summ           ######..     1%          2    None
 Ensorcelled Hibernation  Hex/Ice        ######       1%          2    None
 Poisonous Vapours        Pois/Air       ######       1%          2    None
 Searing Ray              Conj           ######       1%          2    None
 Conjure Flame            Conj/Fire      ########     1%          3    None
 Dazzling Spray           Conj/Hex       ######       1%          3    None
 Inner Flame              Hex/Fire       #######.     1%          3    None
 Mephitic Cloud           Conj/Pois/Air  #######.     1%          3    None
 Call Canine Familiar     Summ           ######..     2%          3    None
 Summon Guardian Golem    Hex/Summ       #####...     3%          3    None
 Confuse                  Hex            #####...     4%          3    None
 Gell's Gravitas          Tloc           #####.....   4%          3    None
 Lesser Beckoning         Tloc           #####.....   4%          3    None
 Tukima's Dance           Hex            #####...     4%          3    None
 Force Lance              Conj/Tloc      #######.     1%          4    None
 Fulminant Prism          Conj/Hex       #######...   1%          4    None
 Iskenderun's Mystic Bla  Conj           ########     1%          4    None
 Olgreb's Toxic Radiance  Pois           ######..     1%          4    None
 Sticky Flame             Conj/Fire      ########     1%          4    None
 Summon Ice Beast         Ice/Summ       #######.     1%          4    None
 Venom Bolt               Conj/Pois      #######...   1%          5    None
 Metabolic Englaciation   Hex/Ice        #######...   2%          5    None
 Petrify                  Tmut/Erth      ######..     3%          4    None
 Summon Lightning Spire   Summ/Air       ######..     9%          4    None
 Borgnjor's Vile Clutch   Necr/Erth      ######....   9%          5    None
 Yara's Violent Unravell  Hex/Tmut       #####.....   9%          5    None
 Alistair's Intoxication  Tmut/Pois      ######..     17%         5    None
 Silence                  Hex/Air        #####.....   24%         5    None
 Ring of Flames           Chrm/Fire      #######...   26%         7    ##.....
 Shadow Creatures         Summ           N/A          67%         6    None
 Darkness                 Hex            #####.....   80%         6    None
 Invisibility             Hex            #####...     80%         6    None
 Shatter                  Erth           #######...   100%        9    ######.


Dungeon Overview and Level Annotations

Branches:
Dungeon (15/15)            Temple (1/1) D:5            Lair (6/6) D:8
 Shoals (4/4) Lair:3        Snake (4/4) Lair:3        Slime (0/5) Lair:5
    Orc (2/2) D:9             Elf (0/3) Orc:2        Vaults (0/5) D:13
 Depths (0/5) D:15

Altars:
Ashenzari
Cheibriados
Dithmenos
Elyvilon
Fedhas
Gozag
Hepliaklqana
Kikubaaqudgha
Makhleb
Nemelex Xobeh
Okawaru
Qazlal
Ru
Sif Muna
Trog
Uskayaw
Vehumet
Wu Jian
Xom
Yredelemnul
Zin
The Shining One
Beogh
Lugonu

Shops:
D:4 }   D:5 *   D:6 ::[(   Orc:2 (:[*   Shoals:1 !   Snake:3 %

Annotations:
Lair:2 exclusion: 2 oklob plants


Innate Abilities, Weirdness & Mutations

You are surrounded by a mild repulsion field. (EV +2)
Your flesh is heat resistant. (rF+)
Your spells are a little harder to cast, but a little more powerful.
You expend magic power (3 MP) to strengthen your wands.


Message History

Aiming: Bolt of Cold (safe; 1% risk of failure)
Press: ? - help, Shift-Dir - straight line, f/p - merfolk aquamancer
Aim: a merfolk aquamancer, wielding a +4 vampiric rapier and wearing a +0 robe The bolt of cold hits the merfolk aquamancer.
The merfolk aquamancer is severely wounded.
The merfolk aquamancer gestures wildly while chanting.
The merfolk aquamancer blinks!
Casting: Bolt of Cold (safe; 1% risk of failure)
Confirm with . or Enter, or press ? or * to list all spells.
Aiming: Bolt of Cold (safe; 1% risk of failure)
Press: ? - help, Shift-Dir - straight line, f/p - merfolk aquamancer
Aim: a merfolk aquamancer, wielding a +4 vampiric rapier and wearing a +0 robe The bolt of cold hits the merfolk aquamancer.
You kill the merfolk aquamancer!
Vehumet accepts your kill.
You hear a splash. x2
The merfolk javelineer is engulfed in freezing vapours.
The merfolk javelineer throws a javelin.
The javelin hits you!!
You die...

≈≈≈≈≈.......≈≈≈≈≈
≈≈≈≈.......≈≈≈≈≈
≈≈≈≈......≈≈####
≈≈≈≈≈....≈###
≈≈≈≈≈≈..### ≈ #≈
≈≈≈≈≈≈...# ≈≈≈ ≈
≈≈≈≈≈≈..## ≈#≈ ≈#
≈≈≈≈≈≈≈.## ≈m ≈≈
≈≈≈≈≈≈≈.@##≈#w#≈≈
≈≈§§§§§..#mm≈Zm
≈≈≈≈≈≈≈.§#≈m#
≈≈≈≈≈≈≈≈.m#
≈≈≈≈≈≈≈≈§.#
≈≈≈≈≈≈≈≈§≈..
≈≈≈≈≈≈≈≈§≈≈)..
≈≈≈≈≈≈≈≈≈≈≈....
≈≈≈≈≈≈≈≈≈≈≈≈≈≈.


You could see a merfolk javelineer.

Vanquished Creatures
  Vashnia (Snake:2)
  Saint Roka (Orc:2)
  Frances (D:14)
  Polyphemus (Shoals:2)
  A storm dragon (shapeshifter) (D:15)
  Kirke (Shoals:3)
  7 nagarajas (Snake:4)
  Ilsuiw (Shoals:3)
  Louise (Shoals:3)
  2 entropy weavers (Lair:4)
  A dire elephant (D:15)
  4 merfolk impalers
  5 merfolk javelineers (Shoals:3)
  Josephine (Orc:1)
  A fire dragon (D:15)
  21 naga warriors
  8 vault guards
  Erolcha (D:9)
  6 hydras
  A rakshasa (D:14)
  5 merfolk aquamancers (Shoals:4)
  An alligator snapping turtle (Shoals:3)
  A queen ant (Lair:4)
  14 anacondas
  2 centaur warriors
  A catoblepas (Shoals:2)
  A satyr (Shoals:3)
  5 two-headed ogres
  5 merfolk avatars
  A tengu warrior (D:15)
  10 naga sharpshooters
  4 death yaks (Shoals:2)
  An orc high priest (Orc:2)
  Urug (Orc:2)
  8 shock serpents
  4 salamander mystics
  Nergalle (Orc:2)
  5 skeletal warriors
  13 sea snakes
  10 naga ritualists
  An unseen horror (shapeshifter) (D:14)
  A wizard (D:7)
  The ghost of Noname the Ducker, a novice DEFE of Dithmenos (D:8)
  A wolf spider zombie (D:15)
  6 harpies
  3 orc knights
  16 cyclopes
  7 mana vipers
  4 deep elf magi
  19 fauns
  An orc sorcerer (Orc:2)
  A wolf spider (D:15)
  5 oklob plants (Lair:5)
  28 ugly things
  14 elephants
  17 salamanders
  6 merfolk sirens
  Joseph (D:8)
  13 guardian serpents
  17 naga magi
  3 centaur zombies
  5 water nymphs
  Maurice (D:9)
  30 black mambas
  16 manticores
  9 spiny frogs
  4 ice statues
  13 komodo dragons
  2 rime drakes (Lair:6)
  2 kobold demonologists (D:11)
  3 ice devils
  5 trolls
  6 polar bears
  7 wind drakes
  3 meliai (D:15)
  3 hornets
  5 snapping turtles
  12 dream sheep
  17 merfolk
  A harpy skeleton (D:15)
  9 blink frogs
  6 hippogriffs
  7 water elementals
  Sigmund (D:6)
  5 wraiths (D:9)
  25 yaks
  2 vampires
  6 wyverns
  5 humans
  3 hogs (Shoals:3)
  A steam dragon (D:10)
  7 basilisks
  7 vampire mosquitoes
  2 hungry ghosts
  An acid dragon (D:15)
  24 soldier ants (Lair:4)
  43 nagas
  12 porcupines
  22 water moccasins
  Duvessa (D:5)
  4 sky beasts
  30 orc warriors
  A necrophage (D:7)
  2 eyes of draining
  18 ice beasts
  3 phantoms
  9 ogres
  6 wolves (Lair:4)
  13 centaurs
  18 crocodiles
  A big kobold (D:11)
  16 bullfrogs
  Blork the orc (D:5)
  Dowan (D:5)
  3 wyvern skeletons
  5 scorpions
  9 wights (D:12)
  An electric eel (Lair:3)
  9 crimson imps
  3 howler monkeys (D:10)
  A wyvern simulacrum (D:14)
  A bullfrog zombie (D:12)
  6 hounds
  6 jellies
  A bullfrog skeleton (D:12)
  24 orc priests
  A centaur skeleton (D:10)
  6 iguanas
  29 worker ants
  24 orc wizards
  8 mummies (Ossuary)
  Robin (D:3)
  3 gnolls (D:5)
  22 adders
  2 shadow imps
  4 oozes
  An adder zombie (D:8)
  7 worms
  A dart slug (D:2)
  7 leopard geckos
  92 orcs
  6 giant cockroaches
  22 goblins
  16 hobgoblins
  9 jackals
  13 kobolds
  5 quokkas
  2 ball pythons
  12 bats
  12 frilled lizards
  A gnoll zombie (Ossuary)
  5 hobgoblin zombies (Ossuary)
  A kobold zombie (Ossuary)
  An orc zombie (Ossuary)
  A quokka skeleton (D:8)
  6 rats
  2 fungi
  22 plants
1193 creatures vanquished.

Vanquished Creatures (collateral kills)
  A big kobold (D:10)
  A bullfrog (D:10)
2 creatures vanquished.

Vanquished Creatures (others)
  44 fungi
  33 plants
  6 tentacles (Shoals:4)
83 creatures vanquished.

Grand Total: 1278 creatures vanquished

Notes
Turn   | Place    | Note
-------+----------+-------------------------------------------
     0 | D:1      | kr3s1m1r the Deep Elf Fire Elementalist began the quest for
                  | the Orb.
     0 | D:1      | Reached XP level 1. HP: 10/10 MP: 6/6
   170 | D:1      | Reached XP level 2. HP: 4/16 MP: 2/8
   825 | D:1      | Learned a level 2 spell: Throw Flame
   927 | D:1      | Reached XP level 3. HP: 20/20 MP: 6/9
   932 | D:1      | Learned a level 3 spell: Conjure Flame
  1351 | D:1      | Reached skill level 1 in Fighting
  1521 | D:1      | Found a glowing golden altar of the Shining One.
  2100 | D:2      | Found a stormy altar of Qazlal.
  2161 | D:2      | Reached XP level 4. HP: 25/25 MP: 7/11
  2195 | D:2      | Learned a level 4 spell: Sticky Flame
  2463 | D:2      | Found a deep blue altar of Sif Muna.
  3036 | D:2      | Reached skill level 4 in Spellcasting
  3144 | D:2      | Reached XP level 5. HP: 12/29 MP: 1/13
  3414 | D:2      | Reached skill level 8 in Spellcasting
  3414 | D:2      | Reached XP level 6. HP: 34/34 MP: 14/19
  3421 | D:2      | Learned a level 5 spell: Fireball
  3421 | D:2      | Reached skill level 5 in Fighting
  3421 | D:2      | Reached XP level 7. HP: 44/44 MP: 15/20
  3757 | D:3      | Found a basalt altar of Yredelemnul.
  3928 | D:3      | Noticed Robin
  3929 | D:3      | Found a shattered altar of Ashenzari.
  3933 | D:3      | Killed Robin
  4226 | D:3      | Reached skill level 1 in Shields
  5117 | D:4      | Found Ceff's Gadget Emporium.
  5189 | D:4      | Found a white marble altar of Elyvilon.
  5309 | D:5      | Entered Level 5 of the Dungeon
  5339 | D:5      | Reached XP level 8. HP: 43/50 MP: 1/22
  5490 | D:5      | Found a blossoming altar of Fedhas.
  5530 | D:5      | Found a staircase to the Ecumenical Temple.
  5608 | Temple   | Entered the Ecumenical Temple
  5627 | Temple   | Became a worshipper of Vehumet
  5675 | D:5      | Noticed Duvessa
  5675 | D:5      | Noticed Dowan
  5679 | D:5      | Killed Duvessa
  5679 | D:5      | Killed Dowan
  6267 | D:5      | Found Sesaak's Lightly-Used Armoury.
  6290 | D:5      | Found a shattered altar of Ashenzari.
  6292 | D:5      | Noticed Blork the orc
  6298 | D:5      | Killed Blork the orc
  6586 | D:5      | Learned a level 4 spell: Summon Lightning Spire
  6710 | D:6      | Found a sand-covered staircase.
  6716 | Ossuary  | Entered an ossuary
  6721 | Ossuary  | Gained mutation: You have sharp toenails. [potion of
                  | mutation]
  6721 | Ossuary  | Gained mutation: You expend magic power (3 MP) to
                  | strengthen your wands. [potion of mutation]
  6721 | Ossuary  | Gained mutation: You are surrounded by a mild repulsion
                  | field. (EV +2) [potion of mutation]
  6791 | Ossuary  | Reached * piety under Vehumet
  6791 | Ossuary  | Offered knowledge of Magic Dart by Vehumet.
  6798 | Ossuary  | Learned a level 1 spell: Magic Dart
  6935 | Ossuary  | Lost mutation: You expend magic power (3 MP) to strengthen
                  | your wands. [potion of mutation]
  6935 | Ossuary  | Lost mutation: You are surrounded by a mild repulsion
                  | field. (EV +2) [potion of mutation]
  6935 | Ossuary  | Lost mutation: You have sharp toenails. [potion of
                  | mutation]
  6935 | Ossuary  | Gained mutation: You expend magic power (3 MP) to
                  | strengthen your wands. [potion of mutation]
  6935 | Ossuary  | Gained mutation: You are clumsy. (Dex -2) [potion of
                  | mutation]
  6935 | Ossuary  | Gained mutation: You have an increased reservoir of magic.
                  | (+10% MP) [potion of mutation]
  7077 | D:6      | Found a sacrificial altar of Ru.
  7172 | D:6      | Found Juem's Book Shoppe.
  7304 | D:6      | Reached skill level 1 in Summonings
  7304 | D:6      | Reached skill level 1 in Air Magic
  7371 | D:6      | Found Zihireun's Distillery.
  7373 | D:6      | Found Duowet's Weapon Emporium.
  7415 | D:6      | Found Kecoruo's Book Shoppe.
  7484 | D:6      | Noticed Sigmund
  7492 | D:6      | Killed Sigmund
  7492 | D:6      | Reached XP level 9. HP: 54/54 MP: 21/25
  7572 | D:6      | Found a hide-covered altar of Uskayaw.
  7658 | D:6      | Found a runed door.
  8092 | D:6      | Found a roughly hewn altar of Beogh.
  8202 | D:6      | Found Onneadoh's Armour Shop.
  8209 | D:6      | Bought a +2 robe of magic resistance for 247 gold pieces
  8277 | D:7      | Found a transporter.
  8283 | D:7      | Found a transporter.
  8289 | D:7      | Noticed a wizard
  8291 | D:7      | Found a burning altar of Makhleb.
  8421 | D:7      | Killed a wizard
  8421 | D:7      | Reached ** piety under Vehumet
  8443 | D:7      | Learned a level 6 spell: Freezing Cloud
  8455 | D:7      | Lost mutation: You are clumsy. (Dex -2) [potion of
                  | mutation]
  8455 | D:7      | Lost mutation: You expend magic power (3 MP) to strengthen
                  | your wands. [potion of mutation]
  8455 | D:7      | Lost mutation: You have an increased reservoir of magic.
                  | (+10% MP) [potion of mutation]
  8455 | D:7      | Gained mutation: You are occasionally teleported next to
                  | monsters. [potion of mutation]
  8455 | D:7      | Gained mutation: You are agile. (Dex +2) [potion of
                  | mutation]
  8552 | D:7      | Offered knowledge of Sting by Vehumet.
  8557 | D:7      | Learned a level 1 spell: Sting
  9227 | D:7      | Found a sparkling altar of Nemelex Xobeh.
  9546 | D:8      | Found a runed gate.
  9546 | D:8      | Found a runed gate.
  9548 | D:8      | Found a runed gate.
  9549 | D:8      | Noticed Noname's ghost (novice DEFE)
  9718 | D:8      | Noticed Joseph
  9724 | D:8      | Reached XP level 10. HP: 47/59 MP: 14/24
  9726 | D:8      | Killed Joseph
  9726 | D:8      | Reached skill level 9 in Spellcasting
 10015 | D:8      | Found a staircase to the Lair.
 10065 | D:8      | Reached skill level 10 in Fire Magic
 10083 | D:8      | Found a blossoming altar of Fedhas.
 10169 | D:8      | Found an ancient bone altar of Kikubaaqudgha.
 10292 | D:8      | Found an ornate altar of the Wu Jian Council.
 10400 | D:8      | Found a snail-covered altar of Cheibriados.
 10804 | D:8      | Offered knowledge of Searing Ray by Vehumet.
 10840 | D:8      | Killed Noname's ghost
 11156 | D:9      | Noticed Erolcha
 11166 | D:9      | Killed Erolcha
 11166 | D:9      | Reached skill level 10 in Conjurations
 11300 | D:8      | Learned a level 2 spell: Searing Ray
 11490 | D:9      | Found an iron altar of Okawaru.
 11518 | D:9      | Noticed Maurice
 11522 | D:9      | Killed Maurice
 11899 | D:9      | Found a staircase to the Orcish Mines.
 12007 | D:9      | Reached *** piety under Vehumet
 12090 | D:10     | Entered Level 10 of the Dungeon
 12317 | D:10     | Reached skill level 10 in Spellcasting
 12336 | D:9      | Reached XP level 11. HP: 12/64 MP: 23/27
 12679 | D:10     | Offered knowledge of Airstrike by Vehumet.
 12736 | D:10     | Identified a scroll of acquirement
 13606 | D:11     | Noticed a red ugly thing
 13705 | D:11     | Killed a red ugly thing
 13757 | D:11     | Found a snail-covered altar of Cheibriados.
 13769 | D:11     | Learned a level 4 spell: Airstrike
 14002 | D:11     | Reached **** piety under Vehumet
 14116 | D:11     | Reached skill level 11 in Spellcasting
 14542 | D:11     | Offered knowledge of Ignite Poison by Vehumet.
 14876 | Lair:1   | Entered Level 1 of the Lair of Beasts
 15191 | Lair:1   | Noticed a four-headed hydra
 15200 | Lair:1   | Killed a four-headed hydra
 15200 | Lair:1   | Reached skill level 5 in Shields
 16534 | Lair:2   | Learned a level 2 spell: Throw Flame
 16587 | Lair:2   | Reached XP level 12. HP: 71/71 MP: 25/29
 16741 | Lair:2   | Reached skill level 12 in Spellcasting
 17806 | Lair:3   | Reached ***** piety under Vehumet
 18046 | Lair:3   | Offered knowledge of Bolt of Magma by Vehumet.
 18054 | Lair:3   | Learned a level 5 spell: Bolt of Magma
 18078 | Lair:3   | Found a staircase to the Snake Pit.
 18396 | Lair:3   | Lost mutation: You are occasionally teleported next to
                  | monsters. [potion of mutation]
 18396 | Lair:3   | Lost mutation: You are agile. (Dex +2) [potion of mutation]
 18396 | Lair:3   | Gained mutation: You are clumsy. (Dex -2) [potion of
                  | mutation]
 18396 | Lair:3   | Gained mutation: You are partially covered in molten
                  | scales. (AC +2) [potion of mutation]
 18396 | Lair:3   | Gained mutation: You tend to lose your temper in combat.
                  | [potion of mutation]
 18396 | Lair:3   | Gained mutation: You have sharp toenails. [potion of
                  | mutation]
 18741 | Lair:3   | Found a staircase to the Shoals.
 18812 | Lair:3   | Noticed a four-headed hydra
 18816 | Lair:3   | Killed a four-headed hydra
 18816 | Lair:3   | Reached skill level 10 in Dodging
 18876 | Lair:3   | Learned a level 1 spell: Summon Butterflies
 19149 | Lair:4   | Noticed an entropy weaver
 19160 | Lair:4   | Killed an entropy weaver
 19412 | Lair:4   | Noticed a six-headed hydra
 19420 | Lair:4   | Killed a six-headed hydra
 19593 | Lair:4   | Reached skill level 13 in Spellcasting
 19821 | Lair:4   | Reached XP level 13. HP: 74/76 MP: 32/32
 20799 | Lair:4   | Offered knowledge of Yara's Violent Unravelling by Vehumet.
 21271 | Lair:4   | Noticed an entropy weaver
 21276 | Lair:4   | Killed an entropy weaver
 21782 | Lair:5   | Found a frozen archway.
 21874 | IceCv    | Entered an ice cave
 22232 | IceCv    | Identified Enirupt's Testament of the Prophet
 22774 | Lair:5   | Found a staircase to the Slime Pits.
 22872 | Lair:5   | Reached skill level 5 in Ice Magic
 23858 | Lair:5   | Reached skill level 10 in Ice Magic
 24075 | Lair:5   | Lost mutation: You are clumsy. (Dex -2) [potion of
                  | mutation]
 24075 | Lair:5   | Lost mutation: You tend to lose your temper in combat.
                  | [potion of mutation]
 24075 | Lair:5   | Lost mutation: You have sharp toenails. [potion of
                  | mutation]
 24075 | Lair:5   | Gained mutation: You have large cloven feet. [potion of
                  | mutation]
 24075 | Lair:5   | Gained mutation: Your flesh is heat resistant. (rF+)
                  | [potion of mutation]
 24658 | Lair:5   | Reached XP level 14. HP: 76/82 MP: 33/33
 24803 | Lair:6   | Entered Level 6 of the Lair of Beasts
 24860 | Lair:6   | Offered knowledge of Irradiate by Vehumet.
 24939 | Lair:6   | Reached skill level 14 in Spellcasting
 25570 | Lair:6   | Reached skill level 1 in Earth Magic
 25958 | Lair:6   | Got a brightly glowing ring mail
 25960 | Lair:6   | Got a scorched broad axe
 25995 | Lair:6   | Identified the +0 broad axe "Ogreslayer" {holy, rF- rN+++
                  | Int+6 Stlth-} (You found it on level 6 of the Lair of
                  | Beasts)
 26010 | Lair:6   | Identified the +5 ring mail of Darkness {Dex+3} (You found
                  | it on level 6 of the Lair of Beasts)
 26483 | Lair:6   | Found the +9 scales of the Dragon King {rPois rF+ rC+ MR+}
 26491 | Lair:6   | Reached skill level 1 in Armour
 26890 | Lair:6   | Got a fine steel ring
 26900 | Lair:6   | Got a faintly glowing spear
 26918 | Lair:6   | Identified the +11 spear of Yrutit {flame, *Drain rElec
                  | Str+4 Dex+8} (You found it on level 6 of the Lair of
                  | Beasts)
 26922 | Lair:6   | Identified the ring "Ciukku" {*Drain rF++ Str+5 Int+5} (You
                  | found it on level 6 of the Lair of Beasts)
 27142 | Orc:1    | Entered Level 1 of the Orcish Mines
 27169 | Orc:1    | Noticed Josephine
 27176 | Orc:1    | Killed Josephine
 27417 | Orc:1    | Found a roughly hewn altar of Beogh.
 27677 | Orc:2    | Entered Level 2 of the Orcish Mines
 28195 | Orc:2    | Noticed Saint Roka
 28233 | Orc:2    | Killed Saint Roka
 28385 | Orc:2    | Offered knowledge of Poison Arrow by Vehumet.
 28393 | Orc:2    | Learned a level 6 spell: Poison Arrow
 28682 | Orc:2    | Noticed Urug
 28688 | Orc:2    | Killed Urug
 28709 | Orc:2    | Noticed Nergalle
 28712 | Orc:2    | Killed Nergalle
 28859 | Orc:2    | Reached skill level 1 in Poison Magic
 28878 | Orc:2    | Found a roughly hewn altar of Beogh.
 28959 | Orc:2    | Found Distrossu's Book Shop.
 28979 | Orc:2    | Found Hejitem's Antique Weapon Shop.
 28996 | Orc:2    | Found Doku's Antique Armour Shop.
 29004 | Orc:2    | Bought a glowing scarf for 184 gold pieces
 29042 | Orc:2    | Found Waegoss's General Store.
 29101 | Orc:2    | Found a staircase to the Elven Halls.
 29551 | Shoals:1 | Entered Level 1 of the Shoals
 30324 | D:12     | Reached XP level 15. HP: 86/86 MP: 32/35
 30671 | D:12     | Gained mutation: You tend to lose your temper in combat. [a
                  | neqoxec]
 30672 | D:12     | Gained mutation: You are frail. (-10% HP) [a neqoxec]
 30840 | D:12     | Reached skill level 15 in Spellcasting
 31470 | D:13     | Offered knowledge of Ozocubu's Refrigeration by Vehumet.
 32598 | D:13     | Found a gate to the Vaults.
 33482 | D:14     | Reached skill level 16 in Spellcasting
 33973 | D:14     | Found a stormy altar of Qazlal.
 34378 | D:14     | Offered knowledge of Bolt of Cold by Vehumet.
 34386 | D:14     | Learned a level 6 spell: Bolt of Cold
 34773 | D:15     | Entered Level 15 of the Dungeon
 35411 | D:15     | Reached skill level 15 in Fire Magic
 35699 | D:15     | Reached XP level 16. HP: 82/82 MP: 38/38
 35745 | D:15     | Found a staircase to the Depths.
 36212 | D:15     | Noticed a storm dragon
 36222 | D:15     | Killed a storm dragon
 36222 | D:15     | Reached skill level 15 in Conjurations
 36428 | D:14     | Noticed Frances
 36435 | D:14     | Killed Frances
 36626 | Snake:1  | Entered Level 1 of the Snake Pit
 37165 | Snake:1  | Reached skill level 17 in Spellcasting
 37946 | Snake:1  | Offered knowledge of Conjure Ball Lightning by Vehumet.
 38350 | Snake:2  | Noticed Vashnia
 38915 | Snake:2  | HP: 3/83 [naga sharpshooter/bolt[Vashnia] (16)]
 38919 | Snake:2  | Killed Vashnia
 40666 | Lair:3   | Upgraded the game from 0.23-a0-550-g7de1f8e to
                  | 0.23-a0-565-g3e74e4c
 41100 | Snake:3  | Found Uceycw's Food Shoppe.
 41152 | Snake:3  | Reached skill level 18 in Spellcasting
 41954 | Snake:3  | Reached XP level 17. HP: 80/87 MP: 41/41
 42655 | Snake:4  | Entered Level 4 of the Snake Pit
 45225 | Snake:4  | Reached skill level 19 in Spellcasting
 45443 | Snake:4  | Reached ****** piety under Vehumet
 47360 | Snake:4  | Offered knowledge of Lehudib's Crystal Spear by Vehumet.
 47360 | Snake:4  | Offered knowledge of Glaciate by Vehumet.
 47360 | Snake:4  | Offered knowledge of Chain Lightning by Vehumet.
 47393 | Snake:4  | Learned a level 9 spell: Glaciate
 47407 | Snake:4  | Learned a level 8 spell: Lehudib's Crystal Spear
 47611 | Snake:4  | Got a serpentine rune of Zot
 47845 | Shoals:1 | Reached XP level 18. HP: 90/92 MP: 34/43
 48555 | Shoals:1 | Found Uczex's Distillery.
 48628 | Shoals:1 | Bought a potion of heal wounds for 70 gold pieces
 48628 | Shoals:1 | Bought 2 potions of haste for 280 gold pieces
 48628 | Shoals:1 | Bought a potion of mutation for 112 gold pieces
 48628 | Shoals:1 | Lost mutation: You are frail. (-10% HP) [potion of
                  | mutation]
 48628 | Shoals:1 | Lost mutation: You are partially covered in molten scales.
                  | (AC +2) [potion of mutation]
 48628 | Shoals:1 | Lost mutation: You have large cloven feet. [potion of
                  | mutation]
 48628 | Shoals:1 | Lost mutation: You tend to lose your temper in combat.
                  | [potion of mutation]
 48628 | Shoals:1 | Gained mutation: You are surrounded by a mild repulsion
                  | field. (EV +2) [potion of mutation]
 48628 | Shoals:1 | Gained mutation: You are robust. (+10% HP) [potion of
                  | mutation]
 48628 | Shoals:1 | Lost mutation: You are robust. (+10% HP) [potion of
                  | mutation]
 48628 | Shoals:1 | Gained mutation: You have very sharp teeth. [potion of
                  | mutation]
 48629 | Shoals:1 | Lost mutation: Your flesh is heat resistant. (rF+) [potion
                  | of mutation]
 48629 | Shoals:1 | Lost mutation: You have very sharp teeth. [potion of
                  | mutation]
 48629 | Shoals:1 | Gained mutation: You have supernaturally acute eyesight.
                  | (SInv) [potion of mutation]
 48629 | Shoals:1 | Gained mutation: You expend magic power (3 MP) to
                  | strengthen your wands. [potion of mutation]
 48630 | Shoals:1 | Lost mutation: You have supernaturally acute eyesight.
                  | (SInv) [potion of mutation]
 48630 | Shoals:1 | Gained mutation: Your flesh is heat resistant. (rF+)
                  | [potion of mutation]
 48630 | Shoals:1 | Gained mutation: Your spells are a little harder to cast,
                  | but a little more powerful. [potion of mutation]
 48631 | Shoals:1 | Bought a potion of curing for 42 gold pieces
 48631 | Shoals:1 | Bought a potion of haste for 140 gold pieces
 48631 | Shoals:1 | Bought a potion of magic for 112 gold pieces
 48631 | Shoals:1 | Bought a potion of brilliance for 56 gold pieces
 48631 | Shoals:1 | Bought a potion of brilliance for 56 gold pieces
 49003 | Shoals:2 | Noticed Polyphemus
 49009 | Shoals:2 | Found a transporter.
 49554 | Shoals:2 | Killed Polyphemus
 49619 | Shoals:2 | Reached skill level 5 in Earth Magic
 50388 | Shoals:3 | Reached skill level 20 in Spellcasting
 50586 | Shoals:3 | Noticed Louise
 50592 | Shoals:3 | Killed Louise
 51207 | Shoals:3 | Noticed Kirke
 51212 | Shoals:3 | Killed Kirke
 51872 | Shoals:3 | Noticed Ilsuiw
 51882 | Shoals:3 | Killed Ilsuiw
 52400 | Shoals:4 | Entered Level 4 of the Shoals
 52668 | Shoals:4 | Hit by a javelin thrown by a merfolk javelineer

Vault maps used:
D:1:      evilmike_arrival_run_for_it, tso_altar
D:2:      minmay_razor_zed, lemuel_doored_altar, marbit_many_paths,
          minmay_misc_feat_x
D:3:      lemuel_crystal_altar, first_ration, evilmike_ruin_ashenzari,
          uniq_robin
D:4:      kennysheep_little_box, serial_shops, kennysheep_mini_moat
D:5:      kennysheep_mini, minmay_temple_entry_ruins, basic_altar,
          minmay_shop_damaged, uniq_blork_the_orc, uniq_duvessa
D:6:      eat_drink_and_be_merry_uskayaw, nicolae_ru_sacrificial_ziggurat,
          serial_shops, shop, shop, shop_statue, shop, shop_statue,
          nicolae_ossuary_entry_ruins, lightli_church_of_beogh, uniq_sigmund
D:7:      old_standard_altar, gammafunk_temple_overflow_arena
D:8:      lemuel_round_altar, old_standard_altar, lemuel_round_altar,
          lair_entry_dummy, gammafunk_ghost_split, grunt_pizzeria,
          fedhas_altar_4, uniq_joseph
D:9:      okawaru_trees_2, orc_0_dummy, minmay_lizard_king, uniq_maurice,
          uniq_erolcha
D:10:     serial_glass, glass_columns_c, glass_columns_c
D:11:     basic_altar
D:13:     erik_vaults_2
D:14:     minmay_misc_feat_secret_circle, nicolae_qazlal_style_of_elements,
          uniq_frances
D:15:     hangedman_depths_entry_try_elsewhere_first, patterned_corridor,
          minmay_strange_pillars, hangedman_glass_teeth
Temple:   corrupted_temple
Lair:1:   grunt_megastairs_1, lemuel_fruit_tree
Lair:2:   lemuel_fruit_fields, minmay_lair_oklob_chamber
Lair:3:   elwin_shoals_entry_rooms, minmay_snake_entry_six_corridors
Lair:4:   st_stairs_10, minivault_29
Lair:5:   minmay_slime_entry_oklob_enclosed, portal_ice_cave_demonic_guard,
          serial_bayou_ford_a, grunt_megastairs_2
Lair:6:   gammafunk_lair_ancient_temple, ice2_lemuel
Shoals:1: serial_shops, shop_fountains
Shoals:2: gammafunk_the_bubble, uniq_polyphemus
Shoals:3: uniq_louise, uniq_ilsuiw, uniq_kirke
Shoals:4: shoals_end_grunt_ice
Snake:2:  uniq_vashnia
Snake:3:  spider_trap, minmay_shop_star, basic_stair_grate_trap
Snake:4:  grunt_snake_rune_serpentine_throne
Orc:1:    basic_altar, uniq_josephine
Orc:2:    grunt_orc_cross
Ossuary:  ossuary_tomb_3
IceCv:    ice_cave_statue_garden_chambered

Skill      XL: |  1  2  3  4  5  6  7  8  9 10 11 12 13 14 15 16 17 18 |
---------------+-------------------------------------------------------+-----
Conjurations   | 2 3 9 10 11 12 13 14 16 17 18 | 18.0
Fighting       | 1 5 6 7 8 9 |  9.2
Fire Magic     | 4 9 10 11 12 13 15 16 17 | 17.5
Spellcasting   | 4 8 10 11 13 14 16 18 19 20 | 20.0
Dodging        | 8 9 10 | 10.0
Shields        | 2 3 4 5 6 |  6.2
Summonings     | 1 |  1.1
Air Magic      | 1 |  1.1
Ice Magic      | 10 13 14 | 14.2
Earth Magic    | 3 6 |  6.5
Armour         | 2 4 |  4.0
Poison Magic   | 2 3 |  3.0
Stealth        | |  2.4

Action                   |  1- 3 |  4- 6 |  7- 9 | 10-12 | 13-15 | 16-18 || total
-------------------------+-------+-------+-------+-------+-------+-------++-------
Melee: Dagger            |     1 |     1 |   156 |    38 |    10 |       ||   206
       Kick              |       |       |       |       |     4 |       ||     4
       Staff             |       |       |       |       |     1 |     4 ||     5
Throw: Stone             |       |       |     8 |       |       |       ||     8
 Cast: Flame Tongue      |    76 |    69 |   213 |   385 |   300 |     7 ||  1050
       Throw Flame       |     7 |       |       |    29 |       |       ||    36
       Fireball          |       |       |    32 |    78 |   119 |    21 ||   250
       Sticky Flame      |       |       |     8 |    58 |    54 |     2 ||   122
       Conjure Flame     |       |       |     4 |     2 |     2 |       ||     8
       Magic Dart        |       |       |    27 |    35 |       |       ||    62
       Sting             |       |       |     2 |       |       |       ||     2
       Searing Ray       |       |       |       |    18 |       |       ||    18
       Airstrike         |       |       |       |     6 |     8 |       ||    14
       Bolt of Magma     |       |       |       |    14 |   157 |    14 ||   185
       Freezing Cloud    |       |       |       |       |    24 |   133 ||   157
       Poison Arrow      |       |       |       |       |   106 |   239 ||   345
       Bolt of Cold      |       |       |       |       |    23 |   295 ||   318
       Summon Butterflie |       |       |       |       |       |     3 ||     3
       Lehudib's Crystal |       |       |       |       |       |     1 ||     1
       Glaciate          |       |       |       |       |       |     1 ||     1
Evoke: Wand              |       |       |       |     3 |       |     3 ||     6
  Use: Scroll            |       |     3 |    16 |    15 |     8 |    14 ||    56
       Potion            |       |     3 |     6 |     8 |     8 |    19 ||    44
  Eat: Chunk             |     4 |     3 |    20 |    25 |    39 |    18 ||   109
       Ration            |       |       |     2 |     5 |     6 |    10 ||    23
Armor: Robe              |     4 |     4 |     7 |    35 |    10 |       ||    60
       Animal skin       |       |       |    32 |       |       |       ||    32
       Ring mail         |       |       |       |       |    36 |    21 ||    57
       Leather armour    |       |       |       |       |       |    24 ||    24
Dodge: Dodged            |    17 |    33 |   113 |   169 |   133 |   146 ||   611
Block: Buckler           |       |       |    80 |   125 |    85 |    55 ||   345

Table legend:
 A = Non-vault XP
 B = Vault XP
 C = Vault XP percentage of total XP
 D = Non-vault monster count
 E = Vault monster count
 F = Vault count percentage of total count
                 A         B        C        D         E       F
            +---------+---------+-------+---------+---------+-------
      Total |  215446 |  146392 |  40.5 |     792 |     375 |  32.1
            +---------+---------+-------+---------+---------+-------
        D:1 |      63 |       5 |   7.4 |      34 |       1 |   2.9
        D:2 |      91 |      50 |  35.5 |      24 |      12 |  33.3
        D:3 |     196 |      39 |  16.6 |      33 |      13 |  28.3
        D:4 |     226 |       0 |   0.0 |       7 |       0 |   0.0
        D:5 |     662 |     310 |  31.9 |      21 |       3 |  12.5
        D:6 |     419 |     940 |  69.2 |      10 |      26 |  72.2
        D:7 |     712 |     779 |  52.2 |      11 |       3 |  21.4
        D:8 |    1076 |    1617 |  60.0 |      23 |       6 |  20.7
        D:9 |    2256 |    2683 |  54.3 |      16 |      14 |  46.7
       D:10 |    2286 |       0 |   0.0 |      32 |       0 |   0.0
       D:11 |    3606 |       0 |   0.0 |      25 |       0 |   0.0
       D:12 |    6738 |       0 |   0.0 |      40 |       0 |   0.0
       D:13 |   10044 |    6915 |  40.8 |      47 |       7 |  13.0
       D:14 |   16155 |    2342 |  12.7 |      46 |       1 |   2.1
       D:15 |   17717 |    4251 |  19.4 |      47 |       5 |   9.6
     Lair:1 |    4152 |       0 |   0.0 |      18 |       0 |   0.0
     Lair:2 |    5377 |     292 |   5.2 |      26 |       2 |   7.1
     Lair:3 |    3170 |    2515 |  44.2 |      14 |      16 |  53.3
     Lair:4 |    6597 |    8376 |  55.9 |      26 |      47 |  64.4
     Lair:5 |    7328 |    7358 |  50.1 |      26 |      17 |  39.5
     Lair:6 |    2925 |   11924 |  80.3 |       9 |      39 |  81.2
   Shoals:1 |   17710 |       0 |   0.0 |      35 |       0 |   0.0
   Shoals:2 |    9584 |   12456 |  56.5 |      20 |      20 |  50.0
   Shoals:3 |   21597 |   11176 |  34.1 |      38 |      11 |  22.4
   Shoals:4 |    3397 |    4640 |  57.7 |       8 |       7 |  46.7
    Snake:1 |    6848 |       0 |   0.0 |      14 |       0 |   0.0
    Snake:2 |   16483 |    7674 |  31.8 |      32 |       4 |  11.1
    Snake:3 |   23330 |       0 |   0.0 |      45 |       0 |   0.0
    Snake:4 |   23047 |   44504 |  65.9 |      41 |      61 |  59.8
      Orc:1 |     723 |    1060 |  59.5 |      14 |       1 |   6.7
      Orc:2 |     931 |   11235 |  92.3 |      10 |      32 |  76.2
    Ossuary |       0 |     152 | 100.0 |       0 |      16 | 100.0
      IceCv |       0 |    3099 | 100.0 |       0 |      11 | 100.0
            +---------+---------+-------+---------+---------+-------
